 Dungeon Crawl Stone Soup version 0.16-a0-2465-g0f9d4c6 (webtiles) character file.

537 Herrn the Skirmisher (level 7, -4/44 HPs)
             Began as a Gargoyle Fighter on Nov 20, 2014.
             Slain by an orc warrior
             ... wielding a +0 flail of crushing
              (17 damage)
             ... on level 4 of the Dungeon.
             The game lasted 00:08:33 (2642 turns).

Herrn the Skirmisher (Gargoyle Fighter)             Turns: 2642, Time: 00:08:33

Health: -4/44      AC: 14    Str: 20    XL:     7   Next: 25%
Magic:  7/7        EV:  5    Int:  8    God:
Gold:   140        SH:  9    Dex: 11    Spells: 0 memorised, 6 levels left

rFire  . . .     SeeInvis .     a - +0 war axe
rCold  . . .     Clarity  .     s - +0 chain mail (curse)
rNeg   + . .     SustAb   .     c - +0 shield
rPois  +         Gourm    .     (no helmet)
rElec  +         Spirit   .     (no cloak)
rCorr  .         Warding  .     (no gloves)
rMut   .         Stasis   .     (no boots)
MR     .....                    (no amulet)
Stlth  ..........               (no ring)
                                (no ring)

@: very slightly contaminated, hasted, very quick, not resistant to hostile
enchantments, extremely unstealthy
A: negative energy resistance 1, electricity resistance, unbreathing,
petrification resistance, rot immunity, AC +4
a: no special abilities


You were on level 4 of the Dungeon.
You were not hungry.

You visited 1 branch of the dungeon, and saw 4 of its levels.

You collected 140 gold pieces.

Inventory:

Hand weapons
 a - a +0 war axe (weapon)
 e - a +1 whip of flaming
Armour
 c - a +0 shield (worn)
 s - a cursed +0 chain mail (worn)
Jewellery
 t - an uncursed ring of protection from fire {unknown}
 v - an uncursed ring of flight {unknown}
Scrolls
 f - a scroll of remove curse {unknown}
 h - a scroll of teleportation {unknown}
 i - a scroll of blinking {unknown}
 n - 2 scrolls of noise {unknown}
 p - a scroll of recharging {unknown}
 q - a scroll of identify
Potions
 j - a potion of degeneration
 l - 2 potions of brilliance {unknown}
 m - 3 potions of curing {unknown}
Comestibles
 b - 4 chunks of flesh
 d - 2 bread rations
 g - 2 meat rations
 o - a beef jerky
 r - a royal jelly


   Skills:
 * Level 5.1 Fighting
 * Level 4.4 Axes
 + Level 4.3 Armour
 + Level 1.9 Dodging
 + Level 4.4 Shields


You had 6 spell levels left.
You didn't know any spells.

Dungeon Overview and Level Annotations

Branches:
Dungeon (4/15)
 Temple: D:4-7

Altars:
Fedhas
Qazlal


Innate Abilities, Weirdness & Mutations

You are resistant to torment.
You are immune to poison.
Your stone body is very resilient (AC +4).
You resist negative energy.
You are resistant to electric shocks.
You can survive without breathing.
You are immune to petrification.
You are immune to rotting.


Message History

You slash the orc warrior!
The orc warrior is heavily wounded.
Something hits the bush but does no damage.
You block the orc warrior's attack.
Your shield and chain mail prevent you from hitting the orc warrior.
The orc warrior is heavily wounded.
Something hits the bush.
The orc wizard gestures wildly while chanting.
The orc wizard flickers and vanishes!
Deactivating autopickup; reactivate with Ctrl-A.
Something hits the bush but does no damage.
The orc warrior hits you with a flail of crushing.
* * * LOW HITPOINT WARNING * * *
Your chain mail prevents you from hitting the orc warrior.
The orc warrior is heavily wounded.
Your shield and chain mail prevent you from hitting something.
The orc wizard casts a spell.
The orc wizard blinks!
Something hits you but does no damage.
The orc warrior hits you with a flail of crushing!
You die...

#.# #..# #÷#
#.# #..# #.#
#.###..###.##
#...........#
#..#######..#
#..# #[.#
#..#
####..###
#..#
#.......#
#.@#
#.#####.#
#.o####.# .#
#..#....# #
#..§....#
#.##.##.# #.
#{##... #.
#.###### #.
#o# .. #(#


You could see an orc warrior.

Vanquished Creatures
  The ghost of smajdalf the Digger, an average DgEE (D:3)
  A centaur (D:3)
  An orc priest (D:3)
  A hound (D:4)
  A gnoll shaman (D:4)
  An orc wizard (D:4)
  A worker ant (D:3)
  An iguana (D:3)
  5 gnolls (D:4)
  An adder (D:2)
  7 worms
  3 giant geckos (D:3)
  2 oozes
  8 orcs
  2 ball pythons (D:1)
  2 bats
  3 giant cockroaches
  5 hobgoblins
  4 jackals (D:1)
  A quokka (D:3)
  3 giant newts
  8 goblins
  8 kobolds
  7 rats
77 creatures vanquished.

Notes
Turn   | Place    | Note
--------------------------------------------------------------
     0 | D:1      | Herrn, the Gargoyle Fighter, began the quest for the Orb.
     0 | D:1      | Reached XP level 1. HP: 14/14 MP: 1/1
   283 | D:1      | Reached XP level 2. HP: 17/19 MP: 2/2
   630 | D:1      | Reached XP level 3. HP: 24/24 MP: 3/3
  1326 | D:2      | Reached skill level 4 in Fighting
  1495 | D:3      | Reached XP level 4. HP: 29/29 MP: 4/4
  1719 | D:3      | Reached XP level 5. HP: 23/34 MP: 5/5
  1721 | D:3      | Noticed a centaur
  1730 | D:3      | Killed a centaur
  1730 | D:3      | Reached skill level 1 in Dodging
  1737 | D:3      | Noticed smajdalf's ghost (average DgEE)
  1746 | D:3      | Killed smajdalf's ghost
  1746 | D:3      | Reached skill level 5 in Fighting
  1746 | D:3      | Reached XP level 6. HP: 16/40 MP: 6/6
  1993 | D:3      | Found a stormy altar of Qazlal.
  2378 | D:4      | Reached XP level 7. HP: 36/44 MP: 7/7
  2616 | D:4      | Found a blossoming altar of Fedhas.
  2642 | D:4      | Slain by an orc warrior

Action                   |  1- 3 |  4- 6 |  7- 9 || total
-------------------------+-------+-------+-------++-------
Melee: War axe           |   115 |   113 |    42 ||   270
  Use: Potion            |       |     2 |     2 ||     4
       Scroll            |       |       |     3 ||     3
  Eat: Chunk             |     1 |     4 |     1 ||     6
